 Dungeon Crawl Stone Soup version 0.31-a0-331-geda263fcf1 (webtiles) character file.

Game seed: 6453690938912802179

182 mopl the Changeling (level 5, 0/40 HPs)
             Began as a Djinni Shapeshifter on July 19, 2023.
             Slain by Grinder (7 damage)
             ... on level 3 of the Dungeon.
             The game lasted 00:02:46 (1893 turns).

mopl the Changeling (Djinni Shapeshifter)           Turns: 1893, Time: 00:02:47

Health: 0/40       AC:  2    Str: 16    XL:     5   Next: 93%
Gold:   191        EV: 12    Int: 10    God:
                   SH:  0    Dex: 13

rFire   + +          .
                       - Unarmed
rCold   x . .        (no shield)
rNeg    . . .        a - +0 animal skin
rPois   ∞            o - melded +0 helmet {SInv}
rElec   .            (cloak currently unavailable)
rCorr   +            (gloves currently unavailable)
SInv    .            (boots unavailable)
Will    .....        (no amulet)
Stlth   +            f - ring of resist corrosion
HPRegen 0.26/turn    (no ring)
MPRegen 0.00/turn

%: infuse magic (-1 HP)
@: beast-form, flying
A: beast (slay +2), flying, sickness immunity, fire resistance 2, cold
vulnerability 1, float, innate caster, HP casting, extra vitality 1
a: Begin Untransformation


You were on level 3 of the Dungeon.
You were a hulking beast.
You visited 1 branch of the dungeon, and saw 4 of its levels.

You collected 191 gold pieces.

Inventory:

Missiles
 b - 3 poisoned darts (quivered)
 n - 6 boomerangs
Armour
 a - a +0 animal skin (worn)
 o - a +0 helmet of see invisible (melded)
Jewellery
 f - a ring of resist corrosion (left hand)
Talismans
 c - a beast talisman
Wands
 m - a wand of charming (18)
 q - a wand of iceblast (5)
Scrolls
 e - 4 scrolls of enchant armour {unknown}
 h - 2 scrolls of teleportation {unknown}
 i - a scroll of fog {unknown}
 j - 2 scrolls of identify {unknown}
 k - a scroll of revelation {unknown}
 r - a scroll of noise {unknown}
Potions
 d - 2 potions of brilliance {unknown}
 g - 3 potions of enlightenment {unknown}
 l - a potion of invisibility {unknown}
 p - 2 potions of degeneration {unknown}


   Skills:
 + Level 2.9 Fighting
 + Level 1.8 Armour
 - Level 2.1 Dodging
 * Level 3.5 Unarmed Combat
 * Level 3.5 Shapeshifting


You knew the following spells:

 Your Spells              Type           Power      Damage    Failure   Level
a - Freeze                Ice            0%         1d3       36%         1
b - Passwall              Tmut/Erth      0%         N/A       50%         2
Your spell library was empty.

Dungeon Overview and Level Annotations

Branches:
Dungeon (4/15)
 Temple: D:4-7

Altars:

Annotations:
D:3 Grinder
D:4 1 transporter


Innate Abilities, Weirdness & Mutations

You are a hulking beast.
Your limbs bulge with bestial killing power. (Slay +2)
You are flying.
You are immune to sickness and miasma.
You are immune to poison.
Your flesh is very heat resistant. (rF++)
You are vulnerable to cold. (rC-)
You float through the air rather than walking.
You learn spells naturally, not from books.
Your magical power is your life essence.
You have superior vitality. (+4 MHP)


Message History

Found a club.
Found 6 stones.
Grinder is nearby!
Grinder gestures at you.
You struggle to resist.
You hit Grinder.
Grinder is lightly wounded.
Grinder hits you.
You writhe in agony.
You hit Grinder but do no damage.
Grinder is lightly wounded.
Grinder hits you.
You writhe in agony.
You closely miss Grinder.
Grinder is lightly wounded.
Grinder gestures at you.
You suddenly lose the ability to move!
Grinder gestures at you. Pain shoots through your body! Grinder hits you.
Grinder hits you!
* * * LOW HITPOINT WARNING * * *
You writhe in agony.
* * * LOW HITPOINT WARNING * * *
Grinder hits you.
* * * LOW HITPOINT WARNING * * *
You can move again.
Unknown command.
Unknown command.
You hit Grinder.
Grinder is moderately wounded.
Grinder gestures at you.
You shrug off the repeated paralysis!
You punch Grinder!
Grinder is heavily wounded.
You closely miss Grinder.
Grinder is heavily wounded.
Grinder hits you but does no damage.
You hit Grinder.
Grinder is heavily wounded.
Grinder hits you!
You die...

...##..................).....
.#.##......................#.
.............................
..#.#.......................#
#.#.#....|..................#
#.....###.##.................
.....## #............<.......
......###.................<..
..##............h5...........
..##..#.........).##......###
..###.#.................###
...#....##.....(..##..###
........##.###..###...#
###........#...## #.#(#
#.....#......### #.#.#
..............# ###.#.#
..##..........# #.....#


You could see Grinder.

Vanquished Creatures
  A scorpion (D:4)
  A hound (D:2)
  Robin (D:2)
  3 adders
  2 worms (D:2)
  2 ball pythons
  4 bats
  4 endoplasms
  15 goblins
  7 hobgoblins
  A quokka (D:1)
  3 frilled lizards
  3 kobolds
  2 rats
49 creatures vanquished.

Notes
Turn   | Place    | Note
-------+----------+-------------------------------------------
     0 | D:1      | mopl the Djinni Shapeshifter began the quest for the Orb.
     0 | D:1      | Reached XP level 1. HP: 18/18 MP: 0/0
   168 | D:1      | Reached XP level 2. HP: 19/23 MP: 0/0
   353 | D:1      | Found a faded altar of an unknown god.
   556 | D:2      | You are sucked into a shaft and drop 2 floors!
   557 | D:4      | Found a transporter.
   585 | D:4      | Reached XP level 3. HP: 13/28 MP: 0/0
   585 | D:4      | Learned a level 1 spell: Freeze
   654 | D:4      | Noticed a scorpion
   674 | D:4      | Killed a scorpion
   675 | D:4      | Reached skill level 1 in Armour
   675 | D:4      | Reached skill level 3 in Unarmed Combat
   675 | D:4      | Reached skill level 3 in Shapeshifting
   675 | D:4      | Reached XP level 4. HP: 9/34 MP: 0/0
  1045 | D:3      | Noticed Grinder
  1066 | D:2      | Reached XP level 5. HP: 28/39 MP: 0/0
  1066 | D:2      | Learned a level 2 spell: Passwall
  1383 | D:2      | Noticed Robin
  1406 | D:2      | Killed Robin
  1885 | D:3      | Paralysed by Grinder for 5 turns
  1893 | D:3      | Slain by Grinder

Illustrated notes

Levels and vault maps discovered:
D:1:      onia_arrival_pyramid, layout_rooms,
          shapermc_ecumenical_altar_acropolis
D:2:      layout_rooms, uniq_robin
D:3:      layout_rooms, uniq_grinder
D:4:      layout_basic, gammafunk_ghost_abyssal_escape, minivault_24,
          minmay_gold_behind_fungi, nicolae_houndstooth_variations

Skill      XL: |  1  2  3 |
---------------+----------+-----
Armour         | 1 |  1.8
Unarmed Combat | 3 |  3.5
Shapeshifting  | 3 |  3.5
Fighting       | |  2.9
Dodging        | |  2.1

Action                     |  1- 3 |  4- 6 || total
---------------------------+-------+-------++-------
  Melee: Unarmed           |    69 |   130 ||   199
         Punch             |     1 |     2 ||     3
Ability: Begin Untransform |       |     1 ||     1
    Use: Potion            |     1 |       ||     1
 Armour: Animal skin       |    13 |    12 ||    25
         Skin              |     5 |       ||     5
  Dodge: Dodged            |    46 |    60 ||   106
   Form: Beast             |       |     1 ||     1

Table legend: (Time is in decaauts)
 A = Elapsed time spent in this place.
 B = Non-inter-level travel time spent in this place.
 C = Inter-level travel time spent in this place.
 D = Time resting spent in this place.
 E = Time spent auto-exploring this place.
 F = Levels seen in this place.
 G = Mean time per level.
                   A        B        C        D        E       F      G
               +--------+--------+--------+--------+--------+-----+--------+
         Total |   1881 |   1876 |      5 |    579 |    825 |   4 |  470.2 |
       Dungeon |   1881 |   1876 |      5 |    579 |    825 |   4 |  470.2 |
               +--------+--------+--------+--------+--------+-----+--------+

Top non-repeatable levels by time:
     D:2: 811 daAuts
     D:1: 427 daAuts
     D:4: 350 daAuts
     D:3: 292 daAuts
